 Dungeon Crawl Stone Soup version 0.22-a0-609-gfedc9ff77b (webtiles) character file.

974 RedPan the Magician (level 8, -3/46 HPs)
             Began as an Octopode Wizard on July 10, 2018.
             Slain by a sky beast (5 damage)
             ... on level 5 of the Dungeon.
             The game lasted 00:10:05 (5832 turns).

RedPan the Magician (Octopode Wizard)               Turns: 5832, Time: 00:10:07

Health: -3/46      AC:  1    Str:  6    XL:     8   Next: 16%
Magic:  15/15      EV: 20    Int: 20    God:
Gold:   144        SH:  4    Dex: 13    Spells: 5/16 levels left

rFire    . . .     SeeInvis .   f - +3 whip (elec)
rCold    . . .     Gourm    .   o - +0 buckler
rNeg     . . .     Faith    .   a - +0 hat
rPois    .         Spirit   .   (no amulet)
rElec    .         Reflect  .   i - +6 ring of evasion
rCorr    +         Harm     .   q - ring of resist corrosion
MR       .....                  (no ring)
Stlth    +++.......             (no ring)
HPRegen  0.15/turn              (no ring)
MPRegen  0.14/turn              (no ring)
                                (no ring)
                                (no ring)

@: no status effects
A: almost no armour, stealthy swim, amphibious, 8 rings, constrict 8, camouflage
1, gelatinous body 1
a: no special abilities


You were on level 5 of the Dungeon.
You were not hungry.

You visited 1 branch of the dungeon, and saw 5 of its levels.

You collected 144 gold pieces.

Inventory:

Hand Weapons
 f - a +3 whip of electrocution (weapon)
 y - a +1 trident of pain
Armour
 a - a +0 hat (worn)
 o - a +0 buckler (worn)
Magical Staves
 t - an uncursed staff of poison
Jewellery
 b - an uncursed ring of fire
 i - a +6 ring of evasion (left tentacle)
 q - a ring of resist corrosion (right tentacle)
 w - an uncursed ring of fire
Wands
 p - a wand of iceblast (9)
Scrolls
 k - 2 scrolls of remove curse
 x - a scroll of blinking
Potions
 d - a potion of brilliance
 e - 3 potions of curing {unknown}
 g - 2 potions of resistance {unknown}
 h - a potion of lignification {unknown}
 j - a potion of invisibility
 l - a potion of might {unknown}
 m - a potion of ambrosia {unknown}
 n - 2 potions of haste {unknown}
 r - a potion of heal wounds {unknown}
 s - a potion of flight {unknown}
 u - a potion of degeneration {unknown}
 v - a potion of berserk rage {unknown}
Comestibles
 c - 3 rations
 z - 3 chunks of flesh


   Skills:
 + Level 4.3 Dodging
 - Level 2.8 Stealth
 * Level 2.1 Shields
 + Level 4.6 Spellcasting
 - Level 4.0 Conjurations
 - Level 2.0 Summonings
 - Level 2.0 Translocations
 + Level 0.1 Fire Magic
 + Level 2.7 Air Magic
 - Level 4.0 Poison Magic


You had 5 spell levels left.
You knew the following spells:

 Your Spells              Type           Power        Failure   Level  Hunger
a - Magic Dart            Conj           ###.         3%          1    None
b - Blink                 Tloc           N/A          10%         2    #......
c - Call Imp              Summ           ##......     10%         2    #......
d - Mephitic Cloud        Conj/Pois/Air  ###.....     11%         3    ##.....
e - Conjure Flame         Conj/Fire      ##......     21%         3    ##.....

Your spell library contained the following spells:

 Spells                   Type           Power        Failure   Level  Hunger
 Slow                     Hex            #.......     22%         2    #......


Dungeon Overview and Level Annotations

Branches:
Dungeon (5/15)
 Temple: D:4-7

Altars:
Hepliaklqana
Nemelex Xobeh
Yredelemnul

Shops:
D:4 }


Innate Abilities, Weirdness & Mutations

You cannot wear most types of armour.
You are very stealthy in the water. (Stealth+)
You are amphibious.
You can wear up to eight rings at the same time.
You can use your tentacles to constrict eight enemies at once.
Your skin changes colour to match your surroundings (Stealth+).
Your rubbery body absorbs attacks. (AC +1, EV +1)


Message History

You hit the sky beast.
The sky beast is moderately wounded.
The sky beast completely misses you.
You hit the sky beast. You squeeze the sky beast!
The sky beast is heavily wounded.
The sky beast flickers out of sight!
Deactivating autopickup; reactivate with Ctrl-A.
Something completely misses you.
You barely miss something. You squeeze something. Something hits you.
Something shocks you.
You closely miss something. Something hits you. Something shocks you.
* * * LOW HITPOINT WARNING * * *
You miss something. Something hits you.
* * * LOW HITPOINT WARNING * * *
Something shocks you.
* * * LOW HITPOINT WARNING * * *
Something hits you.
* * * LOW HITPOINT WARNING * * *
Something shocks you.
You die...

###.. #.... #.)>.
########.)..
#...........
#...........
#######........##.
#..............##.
#@#####........##.
#{# ######...##.
#l# ######. #.# ##
#....l...
###...... #.).#.
####


You could see an iguana.

Vanquished Creatures
  Sigmund (D:2)
  An ogre (D:4)
  2 bullfrogs
  A centaur zombie (D:3)
  A bullfrog skeleton (D:4)
  3 orc wizards
  A hound (D:4)
  A gnoll shaman (D:4)
  3 orc priests
  3 worker ants (D:4)
  8 gnolls
  3 adders
  An ooze (D:4)
  4 worms
  5 dart slugs
  3 leopard geckos
  14 orcs
  2 giant cockroaches
  12 hobgoblins
  6 jackals (D:4)
  4 kobolds
  A quokka (D:3)
  A ball python (D:2)
  6 bats
  9 frilled lizards
  6 goblins
  4 rats
106 creatures vanquished.

Notes
Turn   | Place    | Note
-------+----------+-------------------------------------------
     0 | D:1      | RedPan the Octopode Wizard began the quest for the Orb.
     0 | D:1      | Reached XP level 1. HP: 11/11 MP: 4/4
   349 | D:1      | Reached XP level 2. HP: 17/17 MP: 0/6
   716 | D:1      | Reached XP level 3. HP: 17/21 MP: 3/7
  1391 | D:2      | Noticed Sigmund
  1408 | D:2      | Killed Sigmund
  1408 | D:2      | Reached XP level 4. HP: 20/27 MP: 7/9
  1408 | D:2      | Reached XP level 5. HP: 23/31 MP: 7/10
  1607 | D:2      | Learned a level 2 spell: Blink
  1610 | D:2      | Learned a level 2 spell: Call Imp
  1614 | D:2      | Learned a level 3 spell: Mephitic Cloud
  1618 | D:2      | Learned a level 3 spell: Conjure Flame
  1799 | D:2      | Reached XP level 6. HP: 32/36 MP: 5/12
  2859 | D:3      | Found a basalt altar of Yredelemnul.
  3127 | D:3      | Found a hazy altar of Hepliaklqana.
  3174 | D:3      | Found a sparkling altar of Nemelex Xobeh.
  3410 | D:3      | Reached skill level 1 in Poison Magic
  3876 | D:4      | Reached skill level 1 in Air Magic
  3876 | D:4      | Reached XP level 7. HP: 34/41 MP: 8/13
  3996 | D:4      | Found Kudutz's Gadget Shoppe.
  4281 | D:4      | Reached skill level 1 in Shields
  5110 | D:4      | Reached XP level 8. HP: 46/46 MP: 14/14
  5351 | D:5      | Entered Level 5 of the Dungeon
  5832 | D:5      | HP: 2/46 [something (3)]
  5832 | D:5      | Slain by a sky beast

Vault maps used:
D:1:      saegor_arrival_simple_d, grunt_decor_one_mirror, minmay_pentomino_r4
D:2:      uniq_sigmund
D:3:      lemuel_round_altar, lemuel_round_altar, yredelemnul_altar_generic
D:4:      serial_shops, shop
D:5:      marbit_many_paths, first_ration, kennysheep_generic_room_15

Skill      XL: |  1  2  3  4  5  6  7  8 |
---------------+-------------------------+-----
Conjurations   | 2 3 4 |  4.0
Dodging        | 3 4 |  4.3
Spellcasting   | 4 |  4.6
Summonings     | 2 |  2.0
Translocations | 2 |  2.0
Poison Magic   | 1 3 4 |  4.0
Air Magic      | 1 2 |  2.7
Shields        | 1 2 |  2.1
Stealth        | |  2.8
Fire Magic     | |  0.1

Action                   |  1- 3 |  4- 6 |  7- 9 || total
-------------------------+-------+-------+-------++-------
Melee: Whip              |    25 |    60 |    88 ||   173
       Constrict         |     5 |    13 |    18 ||    36
       Tentacles         |     1 |     8 |    17 ||    26
 Cast: Magic Dart        |    50 |    40 |    50 ||   140
       Mephitic Cloud    |       |       |     1 ||     1
  Use: Scroll            |     3 |     2 |     3 ||     8
       Potion            |     1 |       |       ||     1
 Stab: Invisible         |     1 |       |       ||     1
       Sleeping          |       |     5 |     3 ||     8
       Distracted        |       |     1 |       ||     1
       Confused          |       |       |     1 ||     1
  Eat: Chunk             |     1 |     4 |     7 ||    12
       Ration            |       |     1 |       ||     1
Armor: Skin              |     3 |       |     3 ||     6
Dodge: Dodged            |    16 |    58 |    66 ||   140
Block: Buckler           |       |       |    15 ||    15

Table legend:
 A = Spawn XP
 B = Non-spawn XP
 C = Spawn XP percentage of total XP
 D = Spawn monster count
 E = Non-spawn monster count
 F = Spawn count percentage of total count
 G = Total turns spent on level
                    A         B        C        D         E        F      G
               +---------+---------+-------+---------+---------+-------+---------
         Total |       0 |    1392 |   0.0 |       0 |     106 |   0.0 |  5832
               +---------+---------+-------+---------+---------+-------+---------
           D:1 |       0 |      55 |   0.0 |       0 |      26 |   0.0 |  1261
           D:2 |       0 |     361 |   0.0 |       0 |      19 |   0.0 |  1474
           D:3 |       0 |     184 |   0.0 |       0 |      20 |   0.0 |  1126
           D:4 |       0 |     697 |   0.0 |       0 |      36 |   0.0 |  1750
           D:5 |       0 |      95 |   0.0 |       0 |       5 |   0.0 |   221
               +---------+---------+-------+---------+---------+-------+---------
